 Dungeon Crawl Stone Soup version 0.25-a0-424-g80bd347ae0 (webtiles) character file.

Game seed: 10167381949069645645, levelgen mode: deterministic

1242 zorance the Ogre Mage (level 8, -6/74 HPs)
             Began as an Ogre Venom Mage on Jan 21, 2020.
             Was an Initiate of Ashenzari.
             Mangled by Pikel
             ... wielding a +2 whip of freezing
              (7 damage)
             ... on level 6 of the Dungeon.
             The game lasted 00:20:11 (8214 turns).

zorance the Ogre Mage (Ogre Venom Mage)             Turns: 8214, Time: 00:20:11

Health: -6/74      AC: -2    Str: 18    XL:     8   Next: 49%
Magic:  1/18       EV: 10    Int: 18    God:    Ashenzari [......]
Gold:   309        SH:  0    Dex:  9    Spells: 8/21 levels left

rFire    . . .     SeeInvis .   A - staff of poison (curse)
rCold    . . .     Gourm    .   (no shield)
rNeg     . . .     Faith    .   u - +2 robe {MR+} (curse)
rPois    +         Spirit   .   (helmet restricted)
rElec    .         Reflect  .   v - +0 cloak
rCorr    .         Harm     .   (gloves unavailable)
MR       +....                  (boots unavailable)
Stlth    ++........             (no amulet)
HPRegen  0.22/turn              o - ring of stealth (curse)
MPRegen  0.16/turn              m - +5 ring of strength

@: corroded
A: large, unfitting armour, tough skin 1
a: Curse Item, Renounce Religion


You were on level 6 of the Dungeon.
You worshipped Ashenzari.
Ashenzari was noncommittal.
You were hungry.

You visited 2 branches of the dungeon, and saw 7 of its levels.
You also visited: Sewer.

You collected 309 gold pieces.

Inventory:

Hand Weapons
 b - a +2 whip of flaming
 B - a +0 giant club
Missiles
 h - 125 stones (quivered)
 D - 3 atropa-tipped darts
Armour
 u - a cursed +2 robe of magic resistance (worn)
 v - a +0 cloak (worn)
Magical Staves
 A - a cursed staff of poison (weapon)
Jewellery
 m - a +5 ring of strength (right hand)
 o - a cursed ring of stealth (left hand)
Wands
 w - a wand of iceblast (4)
Scrolls
 d - 2 scrolls of remove curse
 i - 2 scrolls of identify {unknown}
 l - 5 scrolls of teleportation {unknown}
 t - 2 scrolls of amnesia {unknown}
 x - a scroll of fog {unknown}
 y - a scroll of immolation {unknown}
 z - 2 scrolls of enchant weapon {unknown}
 E - a scroll of fear {unknown}
Potions
 a - 2 potions of agility {unknown}
 f - 2 potions of haste {unknown}
 g - 3 potions of brilliance {unknown}
 j - 2 potions of might {unknown}
 k - 3 potions of heal wounds {unknown}
 n - 2 potions of berserk rage {unknown}
 p - a potion of resistance {unknown}
 r - 2 potions of flight {unknown}
 s - 5 potions of curing {unknown}
Comestibles
 e - 12 rations


   Skills:
 + Level 2.4 Fighting
 - Level 1.7 Dodging
 - Level 1.4 Stealth
 + Level 7.2 Spellcasting
 - Level 0.8 Transmutations
 - Level 3.0 Air Magic
 + Level 6.5 Poison Magic


You had 8 spell levels left.
You knew the following spells:

 Your Spells              Type           Power        Failure   Level  Hunger
a - Sting                 Tmut/Pois      ####         2%          1    None
b - Poisonous Vapours     Pois/Air       #####.       2%          2    None
c - Mephitic Cloud        Conj/Pois/Air  ####....     9%          3    #......
g - Ignite Poison         Fire/Tmut/Pois ###.....     12%         3    #......
h - Olgreb's Toxic Radia  Pois           #####...     7%          4    ###....

Your spell library contained the following spells:

 Spells                   Type           Power        Failure   Level  Hunger
 Animate Skeleton         Necr           N/A          11%         1    None
 Freeze                   Ice            #...         11%         1    None
 Pain                     Necr           #...         11%         1    None
 Ozocubu's Armour         Chrm/Ice       #.......     32%         3    #......
 Hailstorm                Conj/Ice       #.......     71%         4    ###....
 Summon Ice Beast         Ice/Summ       #.......     71%         4    ###....


Dungeon Overview and Level Annotations

Branches:
Dungeon (6/15)             Temple (1/1) D:4           Sewer (visited)

Altars:
Ashenzari
Cheibriados
Dithmenos
Elyvilon
Fedhas
Gozag
Hepliaklqana
Kikubaaqudgha
Makhleb
Okawaru
Qazlal
Ru
Sif Muna
Trog
Uskayaw
Vehumet
Xom
Yredelemnul
Zin
The Shining One

Shops:
D:4 (

Annotations:
D:6 Pikel


Innate Abilities, Weirdness & Mutations

You are too large for most types of armour.
You have tough skin. (AC +1)


Message History

You hit the jelly but do no damage.
Your hands burn!
The jelly hits you.
You are splashed with acid.
A slave comes into view.
The jelly barely misses you. The slave hits you.
The slave shouts!
You hit Pikel but do no damage.
Pikel is severely wounded.
The jelly hits you.
You are splashed with acid!
The jelly hits you.
You are splashed with acid!
* * * LOW HITPOINT WARNING * * *
The slave hits you.
* * * LOW HITPOINT WARNING * * *
Pikel hits you with a +2 whip of freezing.
* * * LOW HITPOINT WARNING * * *
Pikel freezes you.
* * * LOW HITPOINT WARNING * * *
The jelly closely misses you. x2; The slave hits you!
* * * LOW HITPOINT WARNING * * *
Pikel hits you with a +2 whip of freezing!
You die...

...#. ##....##.
#........ .##
#........
<...###........
..............#
#)....J......
#J@p.....#
#..K.....#
##))..)p!#
.....##..
[...... .
....$.###
#######


You could see Pikel, 2 slaves and 2 jellies.

Vanquished Creatures
  Sigmund (D:3)
  2 slaves (D:6)
  2 ogres
  An orc warrior (D:4)
  A big kobold (Sewer)
  2 scorpions
  A crimson imp (D:5)
  A centaur zombie (D:4)
  Crazy Yiuf (D:3)
  4 orc priests
  A centaur skeleton (D:5)
  An orc wizard (D:3)
  Jessica (D:3)
  An iguana (D:3)
  Terence (D:3)
  3 worker ants (D:4)
  9 adders
  A river rat (Sewer)
  2 oozes
  3 worms
  4 leopard geckos
  10 orcs
  3 ball pythons
  9 bats
  10 giant cockroaches
  9 goblins
  10 hobgoblins
  14 jackals
  4 quokkas
  4 frilled lizards
  10 kobolds
  A quokka zombie (D:5)
  11 rats
138 creatures vanquished.

Notes
Turn   | Place    | Note
-------+----------+-------------------------------------------
     0 | D:1      | zorance the Ogre Venom Mage began the quest for the Orb.
     0 | D:1      | Reached XP level 1. HP: 16/16 MP: 3/3
   351 | D:1      | Reached XP level 2. HP: 24/24 MP: 3/5
   355 | D:1      | Learned a level 2 spell: Poisonous Vapours
  1417 | D:2      | Reached XP level 3. HP: 29/31 MP: 0/7
  1422 | D:2      | Learned a level 3 spell: Mephitic Cloud
  1507 | D:2      | Reached skill level 3 in Spellcasting
  2021 | D:2      | Reached skill level 1 in Air Magic
  2096 | D:2      | Reached XP level 4. HP: 39/39 MP: 3/8
  2160 | D:2      | Found a shadowy altar of Dithmenos.
  2693 | D:2      | Learned a level 3 spell: Ignite Poison
  3184 | D:3      | Reached XP level 5. HP: 36/45 MP: 3/10
  3507 | D:3      | Found a glowing drain.
  3619 | Sewer    | Entered a sewer
  3809 | Sewer    | Noticed a big kobold
  3877 | Sewer    | Killed a big kobold
  3877 | Sewer    | Reached skill level 4 in Spellcasting
  3877 | Sewer    | Reached XP level 6. HP: 8/53 MP: 0/12
  3883 | Sewer    | Learned a level 4 spell: Olgreb's Toxic Radiance
  4229 | Sewer    | Found a white marble altar of Elyvilon.
  4320 | D:3      | Noticed Terence
  4326 | D:3      | Killed Terence
  5127 | D:3      | Reached skill level 5 in Spellcasting
  5186 | D:3      | Noticed Jessica
  5199 | D:3      | Reached skill level 5 in Poison Magic
  5241 | D:3      | Killed Jessica
  5290 | D:3      | Identified Jessica's Catalogue of Dark Secrets
  5666 | D:3      | Found a sacrificial altar of Ru.
  5711 | D:3      | Noticed Sigmund
  5720 | D:3      | Killed Sigmund
  5720 | D:3      | Reached XP level 7. HP: 59/59 MP: 3/15
  5972 | D:3      | Found a runed translucent door.
  5973 | D:3      | Noticed Crazy Yiuf
  5985 | D:3      | Killed Crazy Yiuf
  6546 | D:4      | Reached skill level 6 in Spellcasting
  6817 | D:4      | Reached XP level 8. HP: 67/67 MP: 1/17
  7150 | D:4      | Found a staircase to the Ecumenical Temple.
  7159 | Temple   | Entered the Ecumenical Temple
  7382 | D:4      | Found Moqeofice's Weapon Emporium.
  7455 | D:5      | Entered Level 5 of the Dungeon
  7829 | D:5      | Reached skill level 1 in Fighting
  8141 | D:5      | Found a shattered altar of Ashenzari.
  8153 | D:5      | Became a worshipper of Ashenzari the Shackled
  8202 | D:6      | Reached skill level 7 in Spellcasting
  8207 | D:6      | Noticed Pikel
  8214 | D:6      | HP: 1/74 [slave[Pikel] (9)]
  8214 | D:6      | Mangled by Pikel

Levels and vault maps discovered:
D:1:      scummos_arrival_gate, layout_basic, minmay_hexomino_c4
D:2:      layout_loops_ring, marbit_many_paths
D:3:      layout_basic, nicolae_ru_path_of_blood, gup_sewer_entry_glass,
          kennysheep_jessica_study, uniq_crazy_yiuf_cottage, uniq_terence,
          uniq_sigmund
D:4:      layout_loops_ring, temple_hall, serial_shops, shop_coins, first_ration
D:5:      layout_gridville, cheibrodos_ashenzari_chains,
          chequers_serial_rivers_micro_b, grunt_decor_mini_mirrors,
          kennysheep_decorative_pillar
D:6:      layout_rooms, kennysheep_little_box, uniq_duvessa, uniq_pikel,
          uniq_edmund
Temple:   minmay_crystal_spiral_temple

Skill      XL: |  1  2  3  4  5  6  7  8 |
---------------+-------------------------+-----
Poison Magic   | 3 4 5 6 |  6.5
Spellcasting   | 3 4 5 6 7 |  7.2
Air Magic      | 1 2 3 |  3.0
Fighting       | 2 |  2.4
Dodging        | |  1.7
Stealth        | |  1.4
Transmutations | |  0.8

Action                   |  1- 3 |  4- 6 |  7- 9 || total
-------------------------+-------+-------+-------++-------
Melee: Unarmed           |     3 |       |       ||     3
       Dagger            |     6 |    37 |       ||    43
       Whip              |       |    10 |    62 ||    72
       Staff             |       |       |     3 ||     3
Throw: Stone             |     8 |       |     1 ||     9
 Cast: Sting             |    31 |     9 |       ||    40
       Poisonous Vapours |    26 |    86 |    49 ||   161
       Mephitic Cloud    |       |     2 |     1 ||     3
       Ignite Poison     |       |     1 |     2 ||     3
       Olgreb's Toxic Ra |       |       |     1 ||     1
Invok: Curse Item        |       |       |     2 ||     2
  Use: Scroll            |       |     2 |       ||     2
 Stab: Confused          |       |     1 |       ||     1
  Eat: Chunk             |     5 |    10 |     8 ||    23
       Ration            |       |     1 |       ||     1
Armor: Robe              |    24 |    19 |    18 ||    61
Dodge: Dodged            |    30 |    28 |    39 ||    97

Table legend:
 A = Non-vault XP
 B = Vault XP
 C = Vault XP percentage of total XP
 D = Non-vault monster count
 E = Vault monster count
 F = Vault count percentage of total count
                 A         B        C        D         E       F
            +---------+---------+-------+---------+---------+-------
      Total |    1272 |     503 |  28.3 |     108 |      28 |  20.6
            +---------+---------+-------+---------+---------+-------
        D:1 |      20 |       8 |  28.6 |      12 |       5 |  29.4
        D:2 |     104 |       2 |   1.9 |      28 |       1 |   3.4
        D:3 |     223 |     368 |  62.3 |      31 |      10 |  24.4
        D:4 |     526 |       0 |   0.0 |      24 |       0 |   0.0
        D:5 |     187 |       0 |   0.0 |       8 |       0 |   0.0
        D:6 |     212 |       0 |   0.0 |       5 |       0 |   0.0
      Sewer |       0 |     125 | 100.0 |       0 |      12 | 100.0
            +---------+---------+-------+---------+---------+-------
